 Dungeon Crawl Stone Soup version 0.31-a0-799-g6bc09d010c (webtiles) character file.

Game seed: 1776268124724959453

156 Newt the Poker (level 5, 0/38 HPs)
             Began as a Merfolk Gladiator on Sept 19, 2023.
             Killed from afar by an orc wizard (5 damage)
             ... with a puff of flame
             ... on level 3 of the Dungeon.
             The game lasted 00:02:15 (2333 turns).

Newt the Poker (Merfolk Gladiator)                  Turns: 2333, Time: 00:02:15

Health: 0/38       AC:  6    Str: 11 (14) XL:     5   Next: 38%
Magic:  5/5        EV: 12    Int:  4 (7)  God:
Gold:   67         SH:  0    Dex: 13 (16) Spells: 4/4 levels left

rFire   . . .        a - +0 trident
rCold   . . .        (no shield)
rNeg    . . .        b - +0 leather armour
rPois   .            c - +0 helmet
rElec   .            i - +1 cloak
rCorr   .            (no gloves)
SInv    .            (no boots)
Will    +....        (no amulet)
Stlth   +            (no ring)
HPRegen 0.26/turn    (no ring)
MPRegen 0.09/turn

%: no passive effects
@: about to teleport, attractive, enlightened, flying
A: (nimble swimmer 2), mertail, weak 1
a: no special abilities


You were on level 3 of the Dungeon.
You visited 1 branch of the dungeon, and saw 3 of its levels.

You collected 67 gold pieces.

Inventory:

Hand Weapons
 a - a +0 trident (weapon)
Missiles
 d - 3 throwing nets (quivered)
 e - a javelin
 f - 4 poisoned darts
Armour
 b - a +0 leather armour (worn)
 c - a +0 helmet (worn)
 i - a +1 cloak (worn)
Scrolls
 g - 3 scrolls of teleportation
 h - a scroll of enchant weapon
 k - a scroll of enchant armour
 o - a scroll of torment {unknown}


   Skills:
 - Level 2.1 Fighting
 + Level 7.8 Polearms
 - Level 2.0 Throwing
 - Level 4.0 Dodging


You had 4 spell levels left.
You didn't know any spells.
Your spell library was empty.

Dungeon Overview and Level Annotations

Branches:
Dungeon (3/15)

Altars:
Kikubaaqudgha


Innate Abilities, Weirdness & Mutations

((You are very nimble when in or above water. (Stealth+, EV+, Speed+++)))
Your lower body shifts to a powerful aquatic tail in water.
You are weak. (Str -2)


Message History

You kill the orc priest!
Something hits you but does no damage.
Unknown command.
You hit something but do no damage.
You hear some strange, mumbled words.
A magic dart appears from out of thin air!
The magic dart hits you.
* * * LOW HITPOINT WARNING * * *
You miss something.
You hear some strange, mumbled words.
A magic dart appears from out of thin air!
The magic dart hits you.
* * * LOW HITPOINT WARNING * * *
It was a potion of degeneration.
There was something very wrong with that liquid.
You feel weakened.
You feel dopey.
You feel clumsy. Something hits you.
* * * LOW HITPOINT WARNING * * *
It was a potion of mutation.
You feel extremely strange.
You feel weaker. Something hits you but does no damage.
It was a potion of attraction.
You feel attractive to monsters.
You hear some strange, mumbled words.
A magic dart appears from out of thin air!
The magic dart hits you.
* * * LOW HITPOINT WARNING * * *
It was a potion of enlightenment.
You feel very buoyant.
You fly up into the air.
Something hits you but does no damage.
You aren't carrying any potions.
As you read the scroll of teleportation, it crumbles to dust.
You feel strangely unstable. Something hits you but does no damage.
Unknown command.
The orc is attracted toward you.
Unknown command.
You hear some strange, mumbled words.
A puff of flame appears from out of thin air!
The puff of flame hits you.
You die...

.....#####.......########.##...
...# #....#...# ###....#. .#
#...##.#.## #....##..
#..###.#..####.##.##.. ##..#
#.##......##.##.. ...##
#.......####.##.. ##.#
#..####.####.##.. #.)####..#
#.......##. #.§o{.@.##
#...(...#.. ..:....#####.#
#.......# . #...... #.#
#.......# #...### ### #....[..#
#.. #.......# ## #.......#
#.......#


You could see an orc.

Vanquished Creatures
  An orc priest (D:3)
  4 gnolls
  An adder (D:2)
  4 worms (D:2)
  A dart slug (D:2)
  2 orcs (D:3)
  3 endoplasms (D:1)
  4 giant cockroaches
  6 goblins
  3 hobgoblins (D:1)
  4 jackals (D:3)
  4 quokkas
  7 ball pythons
  4 bats
  6 frilled lizards
  5 kobolds
  4 rats
63 creatures vanquished.

Notes
Turn   | Place    | Note
-------+----------+-------------------------------------------
     0 | D:1      | Newt the Merfolk Gladiator began the quest for the Orb.
     0 | D:1      | Reached XP level 1. HP: 16/16 MP: 1/1
   124 | D:1      | Reached XP level 2. HP: 22/22 MP: 2/2
   171 | D:1      | Reached skill level 5 in Polearms
   567 | D:1      | Reached XP level 3. HP: 27/27 MP: 3/3
  1182 | D:2      | Reached skill level 6 in Polearms
  1270 | D:2      | Found an ancient bone altar of Kikubaaqudgha.
  1304 | D:2      | Reached XP level 4. HP: 32/33 MP: 4/4
  1927 | D:3      | Reached skill level 7 in Polearms
  2145 | D:3      | Reached XP level 5. HP: 38/38 MP: 5/5
  2328 | D:3      | Gained mutation: You are weak. (Str -2) [potion of
                  | mutation]
  2333 | D:3      | Killed from afar by an orc wizard

Illustrated notes

Levels and vault maps discovered:
D:1:      sevenhm_arrival_forest_fort_small_6, layout_basic, st_stairs_13,
          moated_statue, roderic_lattice_a, serial_bayou_ford_a
D:2:      layout_basic, basic_altar, kennysheep_small_spiral
D:3:      layout_rooms

Skill      XL: |  1  2  3  4 |
---------------+-------------+-----
Polearms       | 5 6 7 |  7.8
Fighting       | |  2.1
Throwing       | |  2.0
Dodging        | |  4.0

Action                     |  1- 3 |  4- 6 || total
---------------------------+-------+-------++-------
  Melee: Trident           |   117 |   111 ||   228
         Punch             |     2 |       ||     2
    Use: Scroll            |     2 |     3 ||     5
         Potion            |       |     4 ||     4
   Stab: Sleeping          |     3 |       ||     3
 Armour: Leather armour    |    41 |    45 ||    86
  Dodge: Dodged            |    53 |    43 ||    96

Table legend: (Time is in decaauts)
 A = Elapsed time spent in this place.
 B = Non-inter-level travel time spent in this place.
 C = Inter-level travel time spent in this place.
 D = Time resting spent in this place.
 E = Time spent auto-exploring this place.
 F = Levels seen in this place.
 G = Mean time per level.
                   A        B        C        D        E       F      G
               +--------+--------+--------+--------+--------+-----+--------+
         Total |   2318 |   2225 |     93 |    172 |   1644 |   3 |  772.7 |
       Dungeon |   2318 |   2225 |     93 |    172 |   1644 |   3 |  772.7 |
               +--------+--------+--------+--------+--------+-----+--------+

Top non-repeatable levels by time:
     D:2: 974 daAuts
     D:1: 921 daAuts
     D:3: 423 daAuts
